 Dungeon Sprint DCSS version 0.30.1-9-gdf580d7c3d (webtiles) character file.

Game seed: 4104975618310960955

287 Heoruswealwe the Thaumaturge (level 6, -2/32 HPs)
             Began as a Deep Elf Conjurer on Oct 10, 2023.
             Was an Initiate of Gozag.
             Slain by a wraith (12 damage)
             ... in the Dungeon (Sprint IX: "|||||||||||||||||||||||||||||").
             The game lasted 00:03:52 (264 turns).

Heoruswealwe the Thaumaturge (Deep Elf Conjurer)     Turns: 264, Time: 00:03:56

Health: -2/32      AC:  6    Str:  4    XL:     6   Next: 8%
Magic:  4/23       EV: 12    Int: 25    God:    Gozag
Gold:   0          SH:  0    Dex: 13    Spells: 23/29 levels left

rFire   . . .        a - +2 scimitar (holy)
rCold   . . .        (no shield)
rNeg    . . .        c - +0 robe
rPois   .            g - +0 helmet
rElec   .            h - +0 cloak
rCorr   .            (no gloves)
SInv    .            (no boots)
Will    .....        (no amulet)
Stlth   ++           k - +2 ring of protection
HPRegen 0.25/turn    (no ring)
MPRegen 0.18/turn

%: no teleportation
@: gold aura, slowed, very slow
A: no striking features
a: Renounce Religion, Potion Petition, Call Merchant, Bribe Branch


You were in the Dungeon.
You worshipped Gozag.
Gozag was noncommittal.
You visited 1 branch

Inventory:

Hand Weapons
 a - a +2 scimitar of holy wrath (weapon)
Armour
 c - a +0 robe (worn)
 g - a +0 helmet (worn)
 h - a +0 cloak (worn)
Jewellery
 k - a +2 ring of protection (left hand)
Wands
 j - a wand of acid (10)
Scrolls
 i - 2 scrolls of amnesia
 l - 2 scrolls of blinking
Potions
 b - 5 potions of magic
 d - 3 potions of heal wounds
 e - a potion of haste
 f - a potion of invisibility
 m - 5 potions of curing


   Skills:
 - Level 2.4 Dodging
 - Level 2.4 Stealth
 + Level 12.0 Spellcasting
 + Level 10.8 Conjurations


You had 23 spell levels left.
You knew the following spells:

 Your Spells              Type           Power      Damage    Failure   Level
a - Magic Dart            Conj           100%       1d8       1%          1
b - Searing Ray           Conj           100%       2d8       1%          2
c - Dazzling Flash        Conj/Hex       84%        N/A       1%          3

Your spell library contained the following spells:

 Spells                   Type           Power      Damage    Failure   Level
 Fulminant Prism          Conj/Hex       21%        3d12      4%          4
 Iskenderun's Mystic Bla  Conj/Tloc      42%        2d10      4%          4


Dungeon Overview and Level Annotations

Branches:
Dungeon (1/1)

Altars:
Cheibriados
Dithmenos
Elyvilon
Fedhas
Gozag
Hepliaklqana
Kikubaaqudgha
Makhleb
Nemelex Xobeh
Okawaru
Qazlal
Ru
Sif Muna
Trog
Uskayaw
Vehumet
Wu Jian
Xom
Yredelemnul
Zin
The Shining One
Jiyva
Lugonu


Message History

The searing ray hits the vampire mosquito!
You destroy the vampire mosquito!
The searing ray hits the wyvern.
The wyvern is heavily wounded.
The searing ray hits the acid dragon!
The acid dragon is severely wounded. (Press . to maintain the ray.)
The wraith closely misses you.
Your Spellcasting skill gained 3 levels and is now at level 10!
Your Conjurations skill gained 2 levels and is now at level 9!
You have reached level 4!
You feel clever.
You have reached level 5!
The searing ray hits the wraith but does no damage.
The wraith is severely damaged.
The searing ray hits the wyvern.
The wyvern is heavily wounded.
The searing ray hits the acid dragon!
You kill the acid dragon!
The wyvern is distracted by your dazzling golden aura.
The wraith barely misses you. The wraith hits you.
The wraith drains your vigour!
You feel as though you will be slow longer.
Your Spellcasting skill gained 2 levels and is now at level 12!
Your Conjurations skill increases to level 10!
You have reached level 6!
The searing ray hits the wraith but does no damage.
The wraith is severely damaged.
The searing ray hits the wyvern.
The wyvern is severely wounded.
The wyvern is no longer distracted by gold.
The searing ray hits something.
The wraith hits you.
The searing ray misses the wraith.
The searing ray hits the wyvern.
The wyvern is almost dead.
The searing ray hits the orc wizard!
The orc wizard is almost dead.
You finish channelling your searing ray.
The wraith hits you!
You die...
Your body crumbles into a pile of gold. $$$$$ $ $ $ $$$$$ $$$$$$ $ ▓▓▓▓▓▓▓▓▓▓▓▓▓▓▓▓▓▓▓▓▓▓▓▓ ...o$lW@.[=..)..'_______ ▓▓▓▓▓▓▓▓▓▓▓▓▓▓▓▓▓▓▓▓▓▓▓▓

You could see a wraith, a wyvern and an orc wizard.

Vanquished Creatures
  A vampire mosquito (D)
  An acid dragon (D)
  A hound (D)
  2 ufetubi (D)
  A dart slug (D)
  An orc (D)
  An endoplasm (D)
  A goblin (D)
  2 frilled lizards (D)
  A rat (D)
12 creatures vanquished.

Notes
Turn   | Place    | Note
-------+----------+-------------------------------------------
     0 | D        | Heoruswealwe the Deep Elf Conjurer began the quest for the
                  | Orb.
     0 | D        | Reached XP level 1. HP: 10/10 MP: 6/6
     7 | D        | Reached skill level 4 in Spellcasting
     9 | D        | Reached skill level 5 in Conjurations
   100 | D        | Noticed a hound
   105 | D        | Reached skill level 5 in Spellcasting
   105 | D        | Reached XP level 2. HP: 15/15 MP: 8/10
   112 | D        | Reached skill level 6 in Spellcasting
   112 | D        | Reached XP level 3. HP: 9/19 MP: 9/13
   123 | D        | Learned a level 2 spell: Searing Ray
   127 | D        | Learned a level 3 spell: Dazzling Flash
   168 | D        | Reached skill level 7 in Spellcasting
   190 | D        | Found a snail-covered altar of Cheibriados.
   190 | D        | Found a shadowy altar of Dithmenos.
   190 | D        | Found a white marble altar of Elyvilon.
   190 | D        | Found a blossoming altar of Fedhas.
   190 | D        | Found an opulent altar of Gozag.
   191 | D        | Found a hazy altar of Hepliaklqana.
   192 | D        | Found a viscous altar of Jiyva.
   193 | D        | Found an ancient bone altar of Kikubaaqudgha.
   194 | D        | Found a corrupted altar of Lugonu.
   195 | D        | Found a burning altar of Makhleb.
   196 | D        | Found a sparkling altar of Nemelex Xobeh.
   197 | D        | Found an iron altar of Okawaru.
   198 | D        | Became a worshipper of Gozag Ym Sagoz the Greedy
   199 | D        | Found a stormy altar of Qazlal.
   200 | D        | Found a sacrificial altar of Ru.
   201 | D        | Found a shimmering blue altar of Sif Muna.
   202 | D        | Found a bloodstained altar of Trog.
   203 | D        | Found a hide-covered altar of Uskayaw.
   204 | D        | Found a radiant altar of Vehumet.
   205 | D        | Found an ornate altar of the Wu Jian Council.
   206 | D        | Found a shimmering altar of Xom.
   207 | D        | Found a basalt altar of Yredelemnul.
   208 | D        | Found a glowing silver altar of Zin.
   209 | D        | Found a glowing golden altar of the Shining One.
   256 | D        | Noticed a shadow
   256 | D        | Noticed an acid dragon
   256 | D        | Noticed a wyvern
   256 | D        | Noticed a vampire mosquito
   256 | D        | Noticed a wraith
   261 | D        | Killed a vampire mosquito
   262 | D        | Reached skill level 10 in Spellcasting
   262 | D        | Reached XP level 4. HP: 13/24 MP: 6/18
   262 | D        | Reached XP level 5. HP: 15/28 MP: 6/20
   262 | D        | Killed an acid dragon
   263 | D        | Reached skill level 12 in Spellcasting
   263 | D        | Reached skill level 10 in Conjurations
   263 | D        | Reached XP level 6. HP: 11/32 MP: 6/23
   264 | D        | Slain by a wraith

Illustrated notes

Levels and vault maps discovered:
D:        linesprint [early_d, line_temple, items_1, d_10, items_2, lair_1,
          lair_end, items_3, orc_1, orc_end, items_4, d_15, swamp_1, shoals_1,
          snake_1, spider_1, d_20, vaults_1, items_5, swamp_end, shoals_end,
          snake_end, spider_end, vaults_end, d_27, items_6, zot_1, zot_end,
          crypt_end, forest_end, elf_end, slime_end, tomb_end, abyss_end,
          pan_hell_end]

Skill      XL: |  1  2  3  4  5 |
---------------+----------------+-----
Spellcasting   | 5 6 10 12 | 12.0
Conjurations   | 5 6 9 10 | 10.8
Dodging        | |  2.4
Stealth        | |  2.4

Action                     |  1- 3 |  4- 6 || total
---------------------------+-------+-------++-------
  Melee: Dagger            |    11 |       ||    11
   Cast: Magic Dart        |     8 |       ||     8
         Searing Ray       |     3 |       ||     3
    Use: Potion            |     1 |       ||     1
 Armour: Robe              |     3 |       ||     3
  Dodge: Dodged            |     9 |     1 ||    10
